 Dungeon Crawl Stone Soup version 0.29.0-15-g675c0067aa (webtiles) character file.

Game seed: 8278136225161214889

18 qw the Sneak (level 2, -3/19 HPs)
             Began as a Gargoyle Delver on Sept 11, 2022.
             Slain by a necrophage (5 damage)
             ... on level 5 of the Dungeon.
             The game lasted 00:00:03 (133 turns).

qw the Sneak (Gargoyle Delver)                       Turns: 133, Time: 00:00:04

Health: -3/19      AC:  5    Str: 15    XL:     2   Next: 66%
Magic:  2/2        EV: 11    Int: 10    God:
Gold:   14         SH:  0    Dex: 11    Spells: 1/1 levels left

rFire   . . .      SeeInvis .   a - +0 hand axe
rCold   . . .      Faith    .   (no shield)
rNeg    + . .      Spirit   .   b - +0 leather armour
rPois   inf        Reflect  .   (no helmet)
rElec   +          Harm     .   (no cloak)
rCorr   .          Rampage  .   (no gloves)
Will    .....                   (no boots)
Stlth   +++.......              (no amulet)
HPRegen 0.06/turn               (no ring)
MPRegen 0.08/turn               (no ring)

@: no status effects
A: sickness immunity, AC +2, negative energy resistance 1, electricity
resistance, torment resistance 1, petrification resistance
a: no special abilities


You were on level 5 of the Dungeon.
You visited 1 branch of the dungeon, and saw 1 of its levels.

You collected 14 gold pieces.


Innate Abilities, Weirdness & Mutations

You are immune to sickness and miasma.
Your stone body is resilient. (AC +2)
You are immune to poison.
You resist negative energy. (rN+)
You are resistant to electric shocks. (rElec)
You are resistant to unholy torment.
You are immune to petrification.


   Skills:
 - Level 3.2 Fighting
 + Level 2.9 Axes
 - Level 1.5 Dodging
 - Level 5.4 Stealth


You had one spell level left.
You didn't know any spells.
Your spell library was empty.

Inventory:

Hand Weapons
 a - a +0 hand axe (weapon)
Armour
 b - a +0 leather armour (worn)
Wands
 g - a wand of digging (3)
Scrolls
 c - a scroll of fog
 d - a scroll of magic mapping
 e - a scroll of fear
Potions
 f - a potion of haste

Dungeon Overview and Level Annotations

Branches:
Dungeon (5/15)
 Temple: D:4-7

Altars:

Portals:
Ossuary: D:5


Message History

Found a sand-covered staircase.
You hear the slow hiss of an avalanche of sand.
You now have 14 gold pieces.
Found a stone staircase leading down.
Enter note: A shadow imp, an adder, a hound and a necrophage come into view.
Found 3 scrolls labelled BUHOEKHOAR.
The shadow imp shouts, "Remove thy stench, thou defiled flat-headed mule!"
The adder hisses angrily.
125 ||| Stepping ~*~*~tactically~*~*~ (stealth).
The shadow imp lashes its tail.
You closely miss the shadow imp. The shadow imp misses you.
The shadow imp hits you but does no damage.
You closely miss the shadow imp. The shadow imp barely misses you.
You closely miss the shadow imp. The shadow imp gestures at you.
Pain shoots through your body!
You hit the necrophage.
The necrophage is lightly damaged.
You barely miss the shadow imp. The necrophage hits you.
The shadow imp lashes its tail.
The shadow imp hits you.
You closely miss the necrophage.
The necrophage is lightly damaged.
You closely miss the shadow imp. The necrophage completely misses you.
The shadow imp hits you.
You hit the necrophage.
The necrophage is moderately damaged.
You hit the shadow imp but do no damage.
The necrophage barely misses you.
The shadow imp grins evilly.
The shadow imp hits you but does no damage.
You closely miss the necrophage.
The necrophage is moderately damaged.
You closely miss the shadow imp. The necrophage hits you.
You die...

#. #. #. #. #.
##
..####.####....
h.....n>5S...?.
#@######
#......#
##.#.##.#
##..#.# #..##.#
#.....#
#########.#####
..........#
######..######


You could see a necrophage, a hound (asleep), an adder and a shadow imp.

Vanquished Creatures
  2 adders (D:5)
2 creatures vanquished.

Notes
Turn   | Place    | Note
-------+----------+-------------------------------------------
     0 | D:5      | qw the Gargoyle Delver began the quest for the Orb.
     0 | D:5      | Reached XP level 1. HP: 14/14 MP: 1/1
     0 | D:5      | 0 ||| qw: Version: 0.1-a-118-gb4e7ce6
     0 | D:5      | 0 ||| qw: Game counter: 10315
     0 | D:5      | 0 ||| qw: Always use a shield: true
     0 | D:5      | 0 ||| qw: God list: Okawaru
     0 | D:5      | 0 ||| qw: Allow faded altars: false
     0 | D:5      | 0 ||| qw: Do Orc after D:15 true
     0 | D:5      | 0 ||| qw: Do second Lair branch before Depths: true
     0 | D:5      | 0 ||| qw: Lair rune preference: random
     0 | D:5      | 0 ||| qw: Plans: Normal
     0 | D:5      | 0 ||| PLANNING D:1-11
    22 | D:5      | Reached XP level 2. HP: 17/19 MP: 2/2
    96 | D:5      | Found a sand-covered staircase.
   124 | D:5      | Noticed a necrophage
   125 | D:5      | 125 ||| Stepping ~*~*~tactically~*~*~ (stealth).
   131 | D:5      | HP: 2/19 [shadow imp (4)]
   133 | D:5      | Slain by a necrophage

Levels and vault maps discovered:
D:5:      layout_basic, lightli_ossuary_entry_decrepit_ruins

Skill      XL: |  1 |
---------------+----+-----
Axes           | 2 |  2.9
Fighting       | |  3.2
Dodging        | |  1.5
Stealth        | |  5.4

Action                   || total
-------------------------++-------
Melee: Hand axe          ||    21
Armor: Leather armour    ||    12
Dodge: Dodged            ||     9

Table legend:
 A = Non-vault XP
 B = Vault XP
 C = Vault XP percentage of total XP
 D = Non-vault monster count
 E = Vault monster count
 F = Vault count percentage of total count
                 A         B        C        D         E       F
            +---------+---------+-------+---------+---------+-------
      Total |      26 |       0 |   0.0 |       2 |       0 |   0.0
            +---------+---------+-------+---------+---------+-------
        D:5 |      26 |       0 |   0.0 |       2 |       0 |   0.0
            +---------+---------+-------+---------+---------+-------
